General information
			
			
        
        - name: BNet
 
        - type: Ladder 1vs1/FFA
 
        - host: Battle.net
 
        - saver: duessues
 
        
map: TerenasStand 
        - players: 2
 
        - length: 32:02
 
        - speed: Fast
 - version: 1.21 W3XP
 - replay type:  Public
 
» download(137 KB)
Players
        team 1 (loser) 
              
              
MonkeyMolester (
orange | 162 APM | 5165 actions | 31:56)
              
 3 Archmage 
 2 Summon Water Elemental
 1 Brilliance Aura
 4 Mountain King 
 2 Storm Bolt
 2 Thunder Clap
 
                » actions 
                
                | Assign group hotkey | 62 |  | 
| Basic commands | 21 |  | 
| Build / train | 98 |  | 
| Enter build submenu | 44 |  | 
| Enter hero's abilities submenu | 7 |  | 
| Give item / drop item | 4 |  | 
| Remove unit from queue | 6 |  | 
| Right click | 1794 |  | 
| Select / deselect | 535 |  | 
| Select group hotkey | 2496 |  | 
| Use ability | 98 |  | 
                5165 total
 » units 
                
                | Peasant | 20 |  | 
| Footman | 6 |  | 
| Priest | 4 |  | 
| Sorceress | 1 |  | 
| Knight | 2 |  | 
| Goblin Shredder | 1 |  | 
| Flying Machine | 18 |  | 
| Siege Engine | 3 |  | 
                55 total
 » upgrades
                
                | Defend | 1 |  | 
| Masonry | 3 |  | 
| Flak Cannons | 1 |  | 
                5 total
 » buildings
                
                | Altar of Kings | 1 |  | 
| Farm | 11 |  | 
| Barracks | 1 |  | 
| Scout Tower | 21 |  | 
| Keep | 1 |  | 
| Arcane Tower | 2 |  | 
| Castle | 1 |  | 
| Arcane Sanctum | 1 |  | 
| Arcane Vault | 1 |  | 
| Blacksmith | 1 |  | 
| Lumber Mill | 1 |  | 
| Guard Tower | 8 |  | 
| Town Hall | 2 |  | 
| Workshop | 2 |  | 
                54 total
 » build order
                00:05 Altar of Kings
00:18 Farm
00:20 Barracks
00:52 Farm
01:42 Scout Tower
03:11 Farm
03:20 Keep
03:23 Farm
03:40 Arcane Tower
04:51 Farm
06:56 Castle
06:59 Arcane Sanctum
07:13 Arcane Vault
08:29 Farm
08:30 Farm
09:48 Scout Tower
10:41 Blacksmith
10:57 Lumber Mill
12:12 Guard Tower
13:22 Scout Tower
13:23 Scout Tower
13:24 Scout Tower
13:53 Guard Tower
14:03 Guard Tower
14:08 Town Hall
15:32 Workshop
15:38 Scout Tower
15:40 Scout Tower
16:34 Workshop
16:43 Scout Tower
16:44 Scout Tower
16:46 Scout Tower
18:35 Farm
18:37 Farm
18:37 Farm
18:38 Farm
22:48 Town Hall
23:25 Scout Tower
23:26 Scout Tower
23:29 Scout Tower
23:32 Scout Tower
23:34 Scout Tower
23:35 Scout Tower
23:38 Scout Tower
23:55 Guard Tower
24:04 Guard Tower
24:08 Scout Tower
24:08 Scout Tower
24:20 Guard Tower
24:20 Guard Tower
24:44 Guard Tower
24:57 Guard Tower
25:41 Arcane Tower
31:25 Scout Tower
31:26 Scout Tower
31:51 Guard Tower
» items
                
                | Boots of Speed | 1 |  | 
| Staff of Teleportation | 1 |  | 
| Lesser Clarity Potion | 1 |  | 
| Ivory Tower | 5 |  | 
| Potion of Healing | 1 |  | 
| Staff of Sanctuary | 2 |  | 
| Potion of Lesser Invulnerability | 2 |  | 
                13 total
  
               team 2 (winner) 
              
              
duessues (
yellow | 147 APM | 4718 actions | 32:02)
              
 6 Death Knight 
 3 Death Coil
 2 Unholy Aura
 1 Animate Dead
 5 Pandaren Brewmaster 
 3 Breath of Fire
 2 Drunken Haze
 
                » actions 
                
                | Assign group hotkey | 29 |  | 
| Basic commands | 65 |  | 
| Build / train | 71 |  | 
| ESC pressed | 9 |  | 
| Enter build submenu | 35 |  | 
| Enter hero's abilities submenu | 11 |  | 
| Give item / drop item | 6 |  | 
| Right click | 2255 |  | 
| Select / deselect | 401 |  | 
| Select group hotkey | 1745 |  | 
| Use ability | 91 |  | 
                4718 total
 » units 
                
                | Acolyte | 13 |  | 
| Ghoul | 3 |  | 
| Crypt Fiend | 14 |  | 
| Gargoyle | 4 |  | 
| Frost Wyrm | 6 |  | 
                40 total
 » upgrades
                
                | Creature Attack | 3 |  | 
| Stone Form | 1 |  | 
| Creature Carapace | 4 |  | 
| Web | 1 |  | 
| Freezing Breath | 1 |  | 
                10 total
 » buildings
                
                | Crypt | 3 |  | 
| Graveyard | 1 |  | 
| Ziggurat | 13 |  | 
| Altar of Darkness | 1 |  | 
| Halls of the Dead | 2 |  | 
| Nerubian Tower | 1 |  | 
| Black Citadel | 2 |  | 
| Sacrificial Pit | 1 |  | 
| Boneyard | 3 |  | 
| Tomb of Relics | 2 |  | 
| Necropolis | 3 |  | 
| Spirit Tower | 1 |  | 
                33 total
 » build order
                00:08 Crypt
00:28 Graveyard
00:43 Ziggurat
00:59 Altar of Darkness
02:03 Ziggurat
03:02 Crypt
03:06 Crypt
03:45 Ziggurat
04:22 Halls of the Dead
04:45 Nerubian Tower
05:36 Ziggurat
05:37 Ziggurat
06:49 Black Citadel
09:54 Sacrificial Pit
11:02 Boneyard
13:06 Tomb of Relics
14:13 Ziggurat
14:14 Ziggurat
18:15 Ziggurat
18:17 Ziggurat
22:05 Necropolis
23:21 Ziggurat
23:22 Ziggurat
23:23 Ziggurat
25:09 Spirit Tower
26:34 Boneyard
26:35 Boneyard
26:38 Halls of the Dead
28:05 Necropolis
28:25 Tomb of Relics
29:11 Necropolis
29:38 Black Citadel
30:59 Ziggurat
» items
                
                | Scroll of Town Portal | 1 |  | 
| Potion of Mana | 1 |  | 
                2 total
  
                Chat log
          
(01:05 / All) duessues: gl